 Dungeon Sprint DCSS version 0.31-a0-1576-ga3383bade6 (webtiles) character file.

Game seed: 11752374439731056843

193 sircluck the Ruffian (level 5, -10/59 HPs)
             Began as a Troll Berserker on Jan 4, 2024.
             Was a Priest of Trog.
             Mangled by an ice devil (13 damage)
             ... summoned by a kobold demonologist
             ... in the Dungeon (Sprint III: "The Ten Rune Challenge").
             The game lasted 00:01:42 (327 turns).

sircluck the Ruffian (Troll Berserker)               Turns: 327, Time: 00:01:42

Health: -10/59     AC:  4    Str: 27    XL:     5   Next: 44%
Magic:  4/4        EV: 11    Int:  3    God:    Trog [***...]
Gold:   44         SH:  0    Dex: 11    Spells: 4/4 levels left

rFire   . .          .
                       - Unarmed
rCold   . . .        (no shield)
rNeg    . . .        a - +0 animal skin
rPois   .            (helmet restricted)
rElec   .            (no cloak)
rCorr   .            (gloves unavailable)
SInv    .            (boots unavailable)
Will    .....        (no amulet)
Stlth   +++          (no ring)
HPRegen 1.09/turn    (no ring)
MPRegen 0.09/turn

%: no teleportation
@: spiked
A: large, unfitting armour, claws 3, regeneration 1, shaggy fur 1, tough skin 1,
thin skeletal structure 1
a: Renounce Religion, Berserk, Trog's Hand


You were in the Dungeon.
You worshipped Trog.
Trog was most pleased with you.
You visited 1 branch You collected 44 gold pieces.

Inventory:

Armour
 a - a +0 animal skin (worn)
Wands
 h - a wand of polymorph (1)
Scrolls
 k - a scroll of poison {unknown}
 l - a scroll of fog {unknown}
 n - a scroll of torment {unknown}
 o - 2 scrolls of identify
Potions
 b - a potion of curing
 d - 2 potions of haste
 e - 2 potions of magic
 f - a potion of berserk rage
 i - a potion of cancellation {unknown}
 m - 2 potions of enlightenment


   Skills:
 + Level 5.8 Fighting
 + Level 5.7 Dodging
 + Level 1.7 Stealth
 + Level 6.9 Unarmed Combat


You had 4 spell levels left.
You didn't know any spells.
Your spell library was empty.

Dungeon Overview and Level Annotations

Branches:
Dungeon (1/1)

Altars:
Kikubaaqudgha
Sif Muna
Vehumet


Innate Abilities, Weirdness & Mutations

You are too large for most types of armour.
You have claws for hands.
Your natural rate of healing is unusually fast.
You are covered in fur. (AC +1)
You have tough skin. (AC +1)
You have a somewhat thin skeletal structure. (Dex +2, Stealth+)


Message History

Unknown command.
Okay, then.
You feel much better.
Aiming: Polymorph
Press: ? - help, Q - select action, (/) - cycle Shift-Dir - straight line
Okay, then.
The red devil hits you from afar with a +0 trident!
Barbed spikes become lodged in your body.
Okay, then.
The red devil hits you from afar with a +0 trident!
* * * LOW HITPOINT WARNING * * *
Barbed spikes become lodged in your body.
Aiming: Polymorph
Press: ? - help, Q - select action, (/) - cycle Shift-Dir - straight line, f - red devil
Aim: a red devil, wielding a +0 trident (moderately wounded, summoned, will become a hellwing, a smoke demon, or a neqoxec, chance to affect: 17%)
The red devil resists with almost no effort.
Unknown command.
Aiming: Polymorph
Press: ? - help, Q - select action, (/) - cycle Shift-Dir - straight line, f/p - red devil
Aim: a red devil, wielding a +0 trident (moderately wounded, summoned, will become a hellwing, a smoke demon, or a neqoxec, chance to affect: 17%)
The ice devil resists with almost no effort.
Unknown command.
Aiming: Polymorph
Press: ? - help, Q - select action, (/) - cycle Shift-Dir - straight line, f - kobold demonologist, p - red devil
Aim: a kobold demonologist, wielding a +0 dagger and wearing a +0 robe (will become a dart slug, a brain worm, or a river rat, chance to affect: 31%)
The ice devil resists with almost no effort.
Unknown command.
Unknown command.
You scratch the quasit.
The quasit is lightly wounded.
The ice devil hits you. The ice devil freezes you!
* * * LOW HITPOINT WARNING * * *
The quasit closely misses you. The quasit barely misses you.
The quasit misses you. The red devil closely misses you.
You barely miss the quasit. You claw the quasit.
The quasit is lightly wounded.
The quasit bites you but does no damage.
The quasit claws you but does no damage.
The quasit barely misses you. The ice devil hits you!
You die...

▓▓▓▓ ▓▓▓ ...♣♣ ♣.#
....♣♣♣ ♣.# ....♣.♣
♣♣.#
....~♣♣♣♣..###+#+###+##
...~~...♣..#..55@.....#
..~~~~...♣.'.⌠.4......#
..~≈≈~~~...#.34######+#
.~~≈~~~....#.⌠.#
.~≈~~~.....#K..#
.~~~.......#5###
...........#):K#
...........#_55#
▓▓▓▓▓▓▓▓▓▓▓▓▓▓▓▓


You could see an ice devil (summoned), a kobold demonologist, a smoke demon
(summoned), a red devil (summoned), a quasit (summoned), a white imp (summoned)
and an ufetubus (summoned).

Vanquished Creatures
  A scorpion (D)
  A water elemental (D)
  An arcanist (D)
  Jessica (D)
  A human (D)
  2 endoplasms (D)
  A rat (D)
8 creatures vanquished.

Notes
Turn   | Place    | Note
-------+----------+-------------------------------------------
     0 | D        | sircluck the Troll Berserker began the quest for the Orb.
     0 | D        | Reached XP level 1. HP: 22/22 MP: 0/0
    12 | D        | Noticed Jessica
    14 | D        | Reached ** piety under Trog
    23 | D        | Killed Jessica
    24 | D        | Reached skill level 4 in Unarmed Combat
    24 | D        | Reached XP level 2. HP: 28/32 MP: 1/1
    24 | D        | Reached XP level 3. HP: 35/39 MP: 2/2
    80 | D        | Noticed a scorpion
    90 | D        | Killed a scorpion
    90 | D        | Reached *** piety under Trog
    91 | D        | Reached skill level 5 in Fighting
    91 | D        | Reached skill level 5 in Dodging
    91 | D        | Reached skill level 6 in Unarmed Combat
    91 | D        | Reached XP level 4. HP: 47/50 MP: 3/3
   117 | D        | Gained mutation: Your system is resistant to poisons.
                  | (rPois) [potion of mutation]
   117 | D        | Gained mutation: You occasionally shout uncontrollably at
                  | your foes. [potion of mutation]
   117 | D        | Gained mutation: Your magical capacity is low. (-10% MP)
                  | [potion of mutation]
   117 | D        | Gained mutation: You are partially covered in iridescent
                  | scales. (AC +2) [potion of mutation]
   118 | D        | Lost mutation: Your magical capacity is low. (-10% MP)
                  | [potion of mutation]
   118 | D        | Lost mutation: Your system is resistant to poisons. (rPois)
                  | [potion of mutation]
   118 | D        | Lost mutation: You are partially covered in iridescent
                  | scales. (AC +2) [potion of mutation]
   118 | D        | Gained mutation: You are clumsy. (Dex -2) [potion of
                  | mutation]
   118 | D        | Gained mutation: You are partially covered in iridescent
                  | scales. (AC +2) [potion of mutation]
   119 | D        | Lost mutation: You are clumsy. (Dex -2) [potion of
                  | mutation]
   119 | D        | Lost mutation: You occasionally shout uncontrollably at
                  | your foes. [potion of mutation]
   119 | D        | Gained mutation: Your spells are a little easier to cast,
                  | but a little less powerful. [potion of mutation]
   119 | D        | Gained mutation: You are frail. (-10% HP) [potion of
                  | mutation]
   119 | D        | Gained mutation: You have large cloven feet. [potion of
                  | mutation]
   120 | D        | Lost mutation: You are partially covered in iridescent
                  | scales. (AC +2) [potion of mutation]
   120 | D        | Lost mutation: Your spells are a little easier to cast, but
                  | a little less powerful. [potion of mutation]
   120 | D        | Lost mutation: You have large cloven feet. [potion of
                  | mutation]
   120 | D        | Gained mutation: You are agile. (Dex +4, Str/Int -1)
                  | [potion of mutation]
   120 | D        | Gained mutation: You have a pair of small horns on your
                  | head. [potion of mutation]
   121 | D        | Lost mutation: You are agile. (Dex +4, Str/Int -1) [potion
                  | of mutation]
   121 | D        | Lost mutation: You are frail. (-10% HP) [potion of
                  | mutation]
   121 | D        | Lost mutation: You have a pair of small horns on your head.
                  | [potion of mutation]
   121 | D        | Gained mutation: You have a somewhat thin skeletal
                  | structure. (Dex +2, Stealth+) [potion of mutation]
   144 | D        | Noticed a water elemental
   148 | D        | Killed a water elemental
   149 | D        | Reached skill level 1 in Stealth
   149 | D        | Reached XP level 5. HP: 57/57 MP: 4/4
   304 | D        | Found a radiant altar of Vehumet.
   305 | D        | Found a shimmering blue altar of Sif Muna.
   305 | D        | Found an ancient bone altar of Kikubaaqudgha.
   312 | D        | Noticed a red devil
   314 | D        | Noticed an ice devil
   318 | D        | Noticed a smoke demon
   326 | D        | HP: 2/59 [ice devil[a kobold demonologist] (16)]
   327 | D        | Mangled by an ice devil

Illustrated notes

Levels and vault maps discovered:
D:        dungeon_sprint_mu [sprint_mu_entry_forest, sprint_mu_temple_rooms,
          sprint_mu_d1_horrors, sprint_mu_d2_genie, sprint_mu_d3_branching,
          sprint_mu_orc_legion, sprint_mu_elf_gauntlet, sprint_mu_hive_nellie,
          sprint_mu_lair_fedhas, sprint_mu_vaults_butterflies,
          sprint_mu_slime_circle, sprint_mu_shoals_archi,
          sprint_mu_snake_twists, sprint_mu_blade_basic,
          sprint_mu_crypt_fortress, sprint_mu_tomb_spiral,
          sprint_mu_vestibule_basic, sprint_mu_gehenna_hellfire,
          sprint_mu_dis_giant, sprint_mu_tartarus_statrot,
          sprint_mu_cocytus_islands, sprint_mu_zot1]

Skill      XL: |  1  2  3  4 |
---------------+-------------+-----
Fighting       | 3 5 |  5.8
Dodging        | 3 5 |  5.7
Unarmed Combat | 4 6 |  6.9
Stealth        | 1 |  1.7

Action                     |  1- 3 |  4- 6 || total
---------------------------+-------+-------++-------
  Melee: Unarmed           |    31 |    17 ||    48
         Punch             |     1 |     1 ||     2
 Invoke: Berserk           |       |     1 ||     1
  Evoke: Wand              |       |     3 ||     3
    Use: Potion            |       |     6 ||     6
         Scroll            |       |     1 ||     1
 Armour: Animal skin       |    10 |    20 ||    30
  Dodge: Dodged            |    16 |    15 ||    31

Table legend: (Time is in decaauts)
 A = Elapsed time spent in this place.
 B = Non-inter-level travel time spent in this place.
 C = Inter-level travel time spent in this place.
 D = Time resting spent in this place.
 E = Time spent auto-exploring this place.
 F = Levels seen in this place.
 G = Mean time per level.
                   A        B        C        D        E       F      G
               +--------+--------+--------+--------+--------+-----+--------+
         Total |    334 |    334 |      0 |    159 |     26 |   1 |  334.0 |
       Dungeon |    334 |    334 |      0 |    159 |     26 |   1 |  334.0 |
               +--------+--------+--------+--------+--------+-----+--------+

Top non-repeatable levels by time:
       D: 334 daAuts
